 Dungeon Crawl Stone Soup version 0.30-a0-373-gd37427bb62 (webtiles) character file.

Game seed: 6073168077217447531

19433 zishaf the Fighter (level 13, -7/99 HPs)
             Began as a Djinni Venom Mage on Nov 23, 2022.
             Was a Priest of Makhleb.
             Mangled by a minotaur zombie (11 damage)
             ... in a Gauntlet.
             The game lasted 00:27:47 (11582 turns).

zishaf the Fighter (Djinni Venom Mage)             Turns: 11582, Time: 00:27:48

Health: -7/99      AC:  8    Str:  6    XL:     13   Next: 4%
Gold:   387        EV: 12    Int: 31    God:    Makhleb [***...] SH:  5 Dex: 14

rFire   + + .      SeeInvis .    b - staff of poison
rCold   + . .      Faith    .    h - +0 buckler
rNeg    . . .      Spirit   .    y - +2 robe {rC+}
rPois   ∞          Reflect  .    p - +2 helmet
rElec   .          Harm     .    o - +0 cloak
rCorr   .          Rampage  .    u - +0 pair of gloves
Will    +....      NoTele   +    (boots unavailable)
Stlth   ++........               k - amulet of regeneration
HPRegen 1.16/turn                j - +6 ring of intelligence
MPRegen 0.00/turn                e - ring of protection from cold

@: flying
A: sickness immunity, fire resistance 2, cold vulnerability 1, float, innate
caster, HP casting, extra vitality 1, clever 1, deformed body
a: Renounce Religion, Minor Destruction, Lesser Servant of Makhleb


You were in a Gauntlet.
You worshipped Makhleb.
Makhleb was most pleased with you.
You visited 3 branches of the dungeon, and saw 14 of its levels.
You also visited: Gauntlet.

You collected 699 gold pieces.
You spent 312 gold pieces at shops.

Inventory:

Hand Weapons
 a - the +5 dagger "Berhyoc" {flame, MP+9}
   (You found it on level 2 of the Dungeon)

   It burns those it strikes, dealing additional fire damage.
   MP:        It affects your magic capacity (+9).
 i - a +3 demon trident of freezing
 G - a +3 double sword of draining
Missiles
 A - 3 throwing nets
Armour
 h - a +0 buckler (worn)
 o - a +0 cloak (worn)
 p - a +2 helmet (worn)
 u - a +0 pair of gloves (worn)
 y - a +2 robe of cold resistance (worn)
 J - a +0 hat of willpower
Magical Staves
 b - a staff of poison (weapon)
Jewellery
 e - a ring of protection from cold (right hand)
 j - a +6 ring of intelligence (left hand)
 k - an amulet of regeneration (around neck)
Wands
 B - a wand of mindburst (4)
 E - a wand of charming (9)
 F - a wand of digging (3)
Scrolls
 m - 3 scrolls of enchant weapon
 q - 5 scrolls of enchant armour
 r - a scroll of fear
 v - 2 scrolls of identify
 w - 2 scrolls of teleportation
 C - a scroll of poison
 D - a scroll of blinking
 H - a scroll of butterflies
Potions
 c - a potion of attraction {unknown}
 d - 3 potions of ambrosia
 f - 11 potions of curing
 g - 6 potions of haste
 l - 4 potions of heal wounds
 n - 4 potions of brilliance
 s - a potion of flight {unknown}
 t - a potion of might {unknown}
 x - a potion of cancellation {unknown}
 z - a potion of lignification {unknown}
 I - a potion of mutation


   Skills:
 + Level 11.3 Fighting
 - Level 2.1 Dodging
 - Level 1.5 Stealth
 - Level 5.0 Shields
 + Level 9.9 Spellcasting
 + Level 10.3 Invocations
 - Level 4.0 Evocations


You had one spell level left.
You knew the following spells:

 Your Spells              Type           Power      Damage    Failure   Level
a - Sting                 Tmut/Pois      100%       1d8       1%          1
b - Poisonous Vapours     Pois/Air       100%       N/A       1%          2
c - Necrotise             Necr           100%       1d9       1%          1
d - Cause Fear            Hex            33%        N/A       1%          4
e - Borgnjor's Vile Clut  Necr/Erth      33%        N/A       1%          5
f - Freezing Cloud        Conj/Ice/Air   33%        6-21      1%          5
z - Mephitic Cloud        Conj/Pois/Air  86%        N/A       1%          3
A - Olgreb's Toxic Radia  Pois           86%        N/A       1%          4
B - Scorch                Fire           100%       2d10      1%          2
C - Spider Form           Tmut/Pois      86%        N/A       1%          3
Your spell library was empty.

Dungeon Overview and Level Annotations

Branches:
Dungeon (12/15)            Temple (1/1) D:5            Lair (1/5) D:10
    Orc (0/2) D:11        Gauntlet (1/1)

Altars:
Ashenzari
Cheibriados
Dithmenos
Elyvilon
Fedhas
Gozag
Hepliaklqana
Makhleb
Nemelex Xobeh
Okawaru
Qazlal
Ru
Trog
Uskayaw
Wu Jian
Xom
Yredelemnul
Zin
The Shining One

Shops:
D:3 [   D:5 [[(   D:7 [[!*   D:11 (

Annotations:
D:5 Dowan, Duvessa
D:6 exclusion: 2 upstairs
Lair:1 3 runed translucent doors Gauntlet 4 transporters


Innate Abilities, Weirdness & Mutations

You are immune to sickness and miasma.
You are immune to poison.
Your flesh is very heat resistant. (rF++)
You are vulnerable to cold. (rC-)
You float through the air rather than walking.
You learn spells naturally, not from books.
Your magical power is your life essence.
You have superior vitality. (+4 MHP)
Your mind is acute. (Int +4, Str/Dex -1)
Armour fits poorly on your strangely shaped body.


Message History

The zombie hands constrict the minotaur!
The zombie hands constrict the minotaur zombie!
The minotaur is engulfed in freezing vapours.
The minotaur escapes!
The minotaur zombie escapes!
Casting: Borgnjor's Vile Clutch (dangerous; 1% risk of failure)
Confirm with . or Enter, or press ? or * to list all spells.
Aiming: Borgnjor's Vile Clutch (dangerous; 1% risk of failure)
Press: ? - help, Shift-Dir - straight line, f/p - minotaur
Aim: a minotaur, wielding a +1 morningstar of protection, wearing the +0 plate armour "Gagruise" {rPois rC+} and quivering silver javelins (freezing vapour, severely wounded, 100% to hit)
Zombie hands grab the minotaur zombie.
Zombie hands grab the minotaur.
The zombie hands constrict the minotaur, but do no damage.
The zombie hands constrict the minotaur zombie.
The minotaur is engulfed in freezing vapours.
The minotaur struggles to escape constriction.
The minotaur zombie completely misses you.
The minotaur zombie gores you!
Unknown command.
The zombie hands constrict the minotaur.
The zombie hands constrict the minotaur zombie.
The minotaur escapes!
Casting: Borgnjor's Vile Clutch (dangerous; 1% risk of failure)
Confirm with . or Enter, or press ? or * to list all spells.
Aiming: Borgnjor's Vile Clutch (dangerous; 1% risk of failure)
Press: ? - help, Shift-Dir - straight line, f/p - minotaur
Aim: a minotaur, wielding a +1 morningstar of protection, wearing the +0 plate armour "Gagruise" {rPois rC+} and quivering silver javelins (severely wounded, 100% to hit)
The minotaur zombie is unaffected.
Zombie hands grab the minotaur.
* * * LOW HITPOINT WARNING * * *
The zombie hands constrict the minotaur, but do no damage.
The zombie hands constrict the minotaur zombie!
The minotaur zombie hits you!
* * * LOW HITPOINT WARNING * * *
The minotaur zombie barely misses you.
Unknown command.
The zombie hands constrict the minotaur, but do no damage.
The zombie hands constrict the minotaur zombie!!
The minotaur zombie hits you!
* * * LOW HITPOINT WARNING * * *
The minotaur zombie gores you!
You die...

###+## ..⌠.# ⌠§§§#
.§§ §§§ #H#
#######Z#######
#......@......#
#.###.###.###.#
#............
###.###.###.#
#####.###.###.#####
##≈...............≈##
#≈≈..8©8©8©8©8©8..≈≈#
##≈...............≈#
## ###
###################
### ##


You could see a minotaur (clutched) and a minotaur zombie (clutched).

Vanquished Creatures
  A green death (Gauntlet)
  Harold (D:9)
  Erica (D:8)
  A catoblepas (Gauntlet)
  6 two-headed ogres
  Urug (D:11)
  Sonja (D:10)
  A manticore (D:11)
  2 ugly things (Gauntlet)
  Joseph (D:8)
  A worldbinder (Gauntlet)
  An elephant (D:10)
  2 gargoyles (Gauntlet)
  Psyche (D:8)
  An unseen horror (D:11)
  4 trolls
  A hornet (D:9)
  A shadow (D:11)
  A vampire (D:11)
  16 yaks
  A wraith (D:9)
  3 steam dragons
  2 wyverns
  2 basilisks (D:10)
  2 swamp worms (Gauntlet)
  An orc warrior (D:10)
  A water moccasin (D:8)
  3 black bears
  An ice beast (D:6)
  5 wolves (Lair:1)
  2 ogres
  2 boggarts (Gauntlet)
  2 centaurs
  2 phantoms (D:5)
  2 kobold brigands
  A bullfrog (Lair:1)
  3 necrophages
  A gnoll sergeant (D:9)
  6 scorpions
  8 wights (D:9)
  10 killer bees
  2 jellies
  3 orc priests
  3 hounds
  Crazy Yiuf (D:3)
  A gnoll bouda (D:5)
  3 orc wizards
  Terence (D:2)
  7 iguanas
  Natasha (thrice) (D:2)
  9 adders
  11 gnolls
  An ufetubus (D:5)
  3 worms
  2 dart slugs
  23 orcs
  4 ball pythons
  2 endoplasms
  5 giant cockroaches
  4 goblins
  6 hobgoblins
  18 kobolds
  3 quokkas
  9 bats
  5 frilled lizards
  4 rats
238 creatures vanquished.

Vanquished Creatures (others)
  A demonic plant (Gauntlet)
  3 fungi (Lair:1)
  A plant (D:10)
5 creatures vanquished.

Grand Total: 243 creatures vanquished

Notes
Turn   | Place    | Note
-------+----------+-------------------------------------------
     0 | D:1      | zishaf the Djinni Venom Mage began the quest for the Orb.
     0 | D:1      | zishaf set off with the following spells memorised: Sting,
                  | Poisonous Vapours, Mephitic Cloud, Olgreb's Toxic Radiance.
     0 | D:1      | Reached XP level 1. HP: 15/15 MP: 0/0
   111 | D:1      | Found a faded altar of an unknown god.
   208 | D:1      | Reached XP level 2. HP: 20/22 MP: 0/0
   281 | D:1      | Reached skill level 1 in Fighting
   498 | D:1      | Reached XP level 3. HP: 18/27 MP: 0/0
   498 | D:1      | Learned a level 1 spell: Necrotise
  1009 | D:2      | Noticed Natasha
  1016 | D:2      | Killed Natasha
  1017 | D:2      | Reached XP level 4. HP: 10/33 MP: 0/0
  1183 | D:2      | Noticed Natasha
  1198 | D:2      | Killed Natasha
  1199 | D:2      | Reached skill level 2 in Fighting
  1218 | D:2      | Reached XP level 5. HP: 23/38 MP: 0/0
  1218 | D:2      | Learned a level 2 spell: Scorch
  1259 | D:2      | Noticed Natasha
  1266 | D:2      | Killed Natasha
  1355 | D:2      | Identified the +5 dagger "Berhyoc" {flame, MP+9}
  1570 | D:2      | Noticed Terence
  1581 | D:2      | Killed Terence
  1816 | D:3      | Reached XP level 6. HP: 34/45 MP: 0/0
  1920 | D:3      | Found Kewua's Armour Boutique.
  1961 | D:3      | Reached skill level 3 in Fighting
  2183 | D:3      | Found a runed translucent door.
  2184 | D:3      | Noticed Crazy Yiuf
  2285 | D:3      | Killed Crazy Yiuf
  2565 | D:4      | Noticed an ogre
  2576 | D:4      | Killed an ogre
  2577 | D:4      | Reached XP level 7. HP: 41/50 MP: 0/0
  2577 | D:4      | Learned a level 3 spell: Spider Form
  2649 | D:4      | Reached skill level 5 in Spellcasting
  2802 | D:4      | You are sucked into a shaft and drop 2 floors!
  2813 | D:5      | Entered Level 5 of the Dungeon
  2817 | D:5      | Reached skill level 4 in Fighting
  2834 | D:5      | Found a staircase to the Ecumenical Temple.
  2841 | D:5      | Found Esepp's Antique Armour Shop.
  2988 | D:5      | Noticed a rust devil
  2988 | D:5      | Noticed a rust devil
  2988 | D:5      | Noticed Duvessa
  2988 | D:5      | Noticed Dowan
  3001 | D:5      | Reached XP level 8. HP: 37/58 MP: 0/0
  3013 | Temple   | Entered the Ecumenical Temple
  3328 | Temple   | Became a worshipper of Makhleb the Destroyer
  3379 | D:5      | Bought a runed helmet for 172 gold pieces
  3407 | D:5      | Reached skill level 1 in Invocations
  3414 | D:5      | Reached skill level 5 in Fighting
  3476 | D:5      | Found Ceikofuxt's Armour Boutique.
  4327 | D:5      | Found Bifir's Weapon Boutique.
  4687 | D:6      | Reached XP level 9. HP: 8/66 MP: 0/0
  4687 | D:6      | Learned a level 4 spell: Cause Fear
  5132 | D:6      | Reached skill level 6 in Fighting
  5639 | D:7      | Found Suahugas's Distillery.
  5697 | D:7      | Found Gyan's Antique Armour Emporium.
  5700 | D:7      | Gained mutation: You have a pair of small antennae on your
                  | head. [potion of mutation]
  5700 | D:7      | Gained mutation: You are partially covered in iridescent
                  | scales. (AC +2) [potion of mutation]
  5701 | D:7      | Lost mutation: You have a pair of small antennae on your
                  | head. [potion of mutation]
  5701 | D:7      | Lost mutation: You are partially covered in iridescent
                  | scales. (AC +2) [potion of mutation]
  5701 | D:7      | Gained mutation: You expend health (3 HP) to strengthen
                  | your wands. [potion of mutation]
  5701 | D:7      | Gained mutation: You sometimes lose your temper in combat.
                  | [potion of mutation]
  5701 | D:7      | Lost mutation: You sometimes lose your temper in combat.
                  | [potion of mutation]
  5702 | D:7      | Lost mutation: You expend health (3 HP) to strengthen your
                  | wands. [potion of mutation]
  5702 | D:7      | Gained mutation: Your spells are a little easier to cast,
                  | but a little less powerful. [potion of mutation]
  5703 | D:7      | Lost mutation: Your spells are a little easier to cast, but
                  | a little less powerful. [potion of mutation]
  5703 | D:7      | Gained mutation: Armour fits poorly on your strangely
                  | shaped body. [potion of mutation]
  5703 | D:7      | Gained mutation: Your mind is acute. (Int +4, Str/Dex -1)
                  | [potion of mutation]
  5711 | D:7      | Bought a bloodstained leather armour for 140 gold pieces
  5711 | D:7      | Identified the +0 leather armour of Tuil Jue {Str-4 Int+8}
                  | (You bought it in a shop on level 7 of the Dungeon)
  5733 | D:7      | Found Hesesote's Armour Boutique.
  5907 | D:7      | Reached * piety under Makhleb
  6039 | D:7      | Found Omygh's General Store.
  6302 | D:8      | Noticed Psyche
  6303 | D:8      | Reached skill level 1 in Shields
  6322 | D:8      | Killed Psyche
  6323 | D:8      | Reached skill level 7 in Fighting
  6323 | D:8      | Reached skill level 5 in Invocations
  6389 | D:8      | Noticed Joseph
  6391 | D:8      | Noticed Erica
  6409 | D:8      | Killed Joseph
  6410 | D:8      | Reached XP level 10. HP: 11/75 MP: 0/0
  6888 | D:8      | Killed Erica
  7187 | D:8      | Found an ornate altar of the Wu Jian Council.
  7190 | D:8      | Found a broken altar of Ashenzari.
  7191 | D:8      | Found a snail-covered altar of Cheibriados.
  7355 | D:8      | Noticed a two-headed ogre
  7397 | D:8      | Killed a two-headed ogre
  7398 | D:8      | Reached skill level 8 in Fighting
  7681 | D:8      | Found a white marble altar of Elyvilon.
  8008 | D:9      | Noticed Harold
  8020 | D:9      | Killed Harold
  8021 | D:9      | Reached skill level 5 in Shields
  8021 | D:9      | Reached XP level 11. HP: 62/82 MP: 0/0
  8021 | D:9      | Learned a level 5 spell: Borgnjor's Vile Clutch
  8253 | D:9      | Reached skill level 1 in Evocations
  8575 | D:9      | Reached ** piety under Makhleb
  8966 | D:10     | Entered Level 10 of the Dungeon
  9019 | D:10     | Noticed an elephant
  9036 | D:10     | Reached skill level 9 in Fighting
  9048 | D:10     | Killed an elephant
  9220 | D:10     | Noticed a two-headed ogre
  9255 | D:10     | Killed a two-headed ogre
  9396 | D:10     | Found a staircase to the Lair.
  9403 | D:10     | Noticed a two-headed ogre
  9423 | D:10     | Killed a two-headed ogre
  9464 | D:10     | Noticed Sonja
  9469 | D:10     | Killed Sonja
  9500 | D:10     | Noticed a two-headed ogre
  9558 | D:10     | Killed a two-headed ogre
  9815 | D:10     | Reached XP level 12. HP: 90/91 MP: 0/0
  9824 | D:10     | Reached skill level 10 in Fighting
  9839 | D:10     | Reached *** piety under Makhleb
 10116 | D:11     | Found a staircase to the Orcish Mines.
 10116 | D:11     | Found Juegunih's Weapon Boutique.
 10200 | D:11     | Noticed Urug
 10209 | D:11     | Killed Urug
 10287 | D:11     | Noticed a two-headed ogre
 10305 | D:11     | Killed a two-headed ogre
 10935 | D:12     | Noticed a two-headed ogre
 10956 | D:12     | Killed a two-headed ogre
 11002 | Lair:1   | Entered Level 1 of the Lair of Beasts
 11136 | Lair:1   | Found a runed translucent gate.
 11136 | Lair:1   | Found a runed translucent gate.
 11136 | Lair:1   | Found a runed translucent gate.
 11147 | Lair:1   | Found a gate leading to a gauntlet.
 11158 | Gauntlet | Entered a Gauntlet
 11158 | Gauntlet | Found a transporter.
 11158 | Gauntlet | Found a runed translucent door.
 11184 | Gauntlet | Found a runed translucent door.
 11187 | Gauntlet | Noticed a catoblepas
 11190 | Gauntlet | Found a transporter.
 11193 | Gauntlet | Found a transporter.
 11194 | Gauntlet | Found a transporter.
 11202 | Gauntlet | Found a transporter.
 11205 | Gauntlet | Found a transporter.
 11206 | Gauntlet | Found a transporter.
 11214 | Gauntlet | Found a transporter.
 11217 | Gauntlet | Found a transporter.
 11218 | Gauntlet | Found a transporter.
 11226 | Gauntlet | Found a transporter.
 11226 | Gauntlet | Noticed a glowing orange brain
 11229 | Gauntlet | Found a transporter.
 11230 | Gauntlet | Found a transporter.
 11236 | Gauntlet | Found a runed translucent gate.
 11236 | Gauntlet | Found a runed translucent gate.
 11236 | Gauntlet | Found a runed translucent gate.
 11236 | Gauntlet | Noticed a green death
 11238 | Gauntlet | Found a transporter.
 11341 | Gauntlet | Killed a catoblepas
 11355 | Gauntlet | Reached skill level 11 in Fighting
 11397 | Gauntlet | Noticed a tengu warrior
 11397 | Gauntlet | Noticed a tengu warrior
 11399 | Gauntlet | Noticed a deep elf knight
 11400 | Gauntlet | Reached skill level 10 in Invocations
 11431 | Gauntlet | HP: 4/94 [swamp worm (13)]
 11554 | Gauntlet | Killed a green death
 11555 | Gauntlet | Reached XP level 13. HP: 93/99 MP: 0/0
 11555 | Gauntlet | Learned a level 5 spell: Freezing Cloud
 11572 | Gauntlet | Identified the +0 plate armour "Gagruise" {rPois rC+}
 11572 | Gauntlet | Noticed a minotaur
 11582 | Gauntlet | HP: 4/99 [minotaur zombie (15)]
 11582 | Gauntlet | Mangled by a minotaur zombie

Illustrated notes

Levels and vault maps discovered:
D:1:      minmay_arrival_four_loops, layout_basic,
          shapermc_ecumenical_altar_acropolis, st_stairs_4
D:2:      layout_basic, minmay_quadrilaterals, uniq_natasha, uniq_terence
D:3:      layout_rooms, serial_shops, nicolae_lakefront_shop,
          hangedman_decor_push, uniq_crazy_yiuf_cottage
D:4:      layout_loops_ring, chequers_jeans, kennysheep_donut
D:5:      cheibrodos_iron_armory, layout_basic,
          minmay_temple_entry_proselytizer, serial_shops,
          nicolae_shop_statue_plus, nicolae_take_the_stairs,
          nicolae_shop_crystal, minmay_starry_boxes, uniq_duvessa
D:6:      layout_rooms
D:7:      layout_loops_ring, serial_shops, kennysheep_little_box,
          nicolae_shop_behind_doors, nicolae_stop_n_shop_2, kennysheep_mini_moat
D:8:      layout_loops_ring, chequers_temple_overflow_statue_of_worship,
          mainiacjoe_overflow_large_starburst, uniq_erica, uniq_joseph,
          uniq_psyche
D:9:      layout_roguey, serial_glass, glass_columns_b, glass_columns_a,
          glass_columns_b, glass_columns_a, minivault_23,
          minmay_tree_intersection, uniq_harold
D:10:     layout_basic, david_lair_generic, chequers_serial_rivers_micro_b,
          uniq_sonja
D:11:     layout_roguey, orc_david_3, uniq_urug
D:12:     layout_cave_pools, dreamdust_princess_bridge, uniq_gastronok
Temple:   bh_familiar_temple
Lair:1:   layout_layer_cave, gammafunk_ghost_icy, gauntlet_entry_generic,
          serial_bayou_pond_d
Gauntlet: gammafunk_gauntlet_77_escape_option
          [minmay_gauntlet_arena_77_shame_cube, minmay_gauntlet_arena_77_mirror,
          minmay_gauntlet_arena_77_terracotta_army,
          minmay_gauntlet_arena_77_two_paths,
          minmay_gauntlet_arena_77_run_for_it, gauntlet_exit_hidden_loot]

Skill      XL: |  1  2  3  4  5  6  7  8  9 10 11 12 |
---------------+-------------------------------------+-----
Fighting       | 1 2 3 4 5 7 8 9 11 | 11.3
Spellcasting   | 3 4 5 6 7 8 9 |  9.9
Invocations    | 3 5 6 8 10 | 10.3
Shields        | 2 5 |  5.0
Evocations     | 4 |  4.0
Dodging        | |  2.1
Stealth        | |  1.5

Action                   |  1- 3 |  4- 6 |  7- 9 | 10-12 | 13-15 || total
-------------------------+-------+-------+-------+-------+-------++-------
Melee: Dagger            |     5 |    17 |       |       |       ||    22
       Staff             |       |       |    33 |    64 |       ||    97
 Cast: Sting             |    34 |    39 |       |       |       ||    73
       Necrotise         |    14 |       |       |       |       ||    14
       Poisonous Vapours |     4 |    30 |    52 |    65 |       ||   151
       Scorch            |       |     9 |    51 |    88 |       ||   148
       Mephitic Cloud    |       |     2 |     3 |    24 |       ||    29
       Olgreb's Toxic Ra |       |       |     6 |    26 |       ||    32
       Borgnjor's Vile C |       |       |       |    17 |     4 ||    21
       Freezing Cloud    |       |       |       |       |     1 ||     1
Evoke: Wand              |       |       |       |     5 |       ||     5
  Use: Scroll            |       |       |    12 |     8 |       ||    20
       Potion            |       |       |     4 |     2 |       ||     6
 Stab: Confused          |       |       |       |     2 |       ||     2
Armor: Robe              |     1 |    13 |    13 |    65 |       ||    92
       Skin              |       |       |     1 |       |       ||     1
Dodge: Dodged            |    15 |    42 |    41 |   133 |     2 ||   233
Block: Buckler           |       |       |     3 |    47 |       ||    50

Table legend: (Time is in decaauts)
 A = Elapsed time spent in this place.
 B = Non-inter-level travel time spent in this place.
 C = Inter-level travel time spent in this place.
 D = Time resting spent in this place.
 E = Time spent auto-exploring this place.
 F = Levels seen in this place.
 G = Mean time per level.
                   A        B        C        D        E       F      G
               +--------+--------+--------+--------+--------+-----+--------+
         Total |  11616 |  11116 |    500 |    925 |   7777 |  15 |  774.4 |
       Dungeon |  10698 |  10253 |    445 |    810 |   7505 |  12 |  891.5 |
        Temple |    337 |    282 |     55 |      0 |    272 |   1 |  337.0 |
          Lair |    155 |    155 |      0 |      0 |      0 |   1 |  155.0 |
      Gauntlet |    425 |    425 |      0 |    115 |      0 |   1 |  425.0 |
               +--------+--------+--------+--------+--------+-----+--------+

Top non-repeatable levels by time:
     D:7: 1204 daAuts
     D:8: 1167 daAuts
     D:6: 1147 daAuts
     D:9: 1077 daAuts
    D:10: 1056 daAuts
     D:5: 940 daAuts
    D:11: 938 daAuts
     D:1: 875 daAuts
     D:2: 862 daAuts
     D:4: 763 daAuts
     D:3: 619 daAuts
Gauntlet: 425 daAuts
  Temple: 337 daAuts
  Lair:1: 155 daAuts
    D:12: 44 daAuts
